 Dungeon Crawl Stone Soup version 0.21.1-1-g345015fe64 (webtiles) character file.

18547 Asagix the Spear-Bearer (level 12, -6/165 HPs)
             Began as a Minotaur Berserker on Feb 23, 2018.
             Was a High Priest of Trog.
             Killed from afar by an orc sorcerer (22 damage)
             ... with a bolt of negative energy
             ... on level 1 of the Elven Halls.
             The game lasted 00:55:28 (10901 turns).

Asagix the Spear-Bearer (Minotaur Berserker)       Turns: 10901, Time: 00:55:28

Health: -6/165     AC: 18    Str: 30 (31) XL:     12   Next: 28%
Magic:  11/11      EV:  9    Int:  4      God:    Trog [*****.]
Gold:   834        SH:  0    Dex: 11      Spells: 11/11 levels left

rFire    + . .     SeeInvis .   I - +11 trident "Kudwoabuklu" {protect, rF+}
rCold    . . .     Gourm    .   (no shield)
rNeg     . . .     Faith    .   f - +0 plate armour
rPois    .         Spirit   .   (helmet restricted)
rElec    .         Reflect  .   (no cloak)
rCorr    .         Harm     .   (no gloves)
MR       .....                  (no boots)
Stlth    ..........             (no amulet)
HPRegen  0.37/turn              J - ring of stealth
MPRegen  0.12/turn              c - +4 ring of protection

@: berserking (expiring), lethally poisoned (-6 -> -17), drained, very quick
A: retaliatory headbutt, horns 2, deterioration 1, wild magic 1
a: Berserk, Trog's Hand, Brothers in Arms, Burn Spellbooks, Renounce Religion


You were on level 1 of the Elven Halls.
You worshipped Trog.
Trog was extremely pleased with you.
You were very hungry.

You visited 3 branches of the dungeon, and saw 12 of its levels.

You collected 834 gold pieces.

Inventory:

Hand Weapons
 a - a +4 arbalest of velocity
 w - a +3 dire flail
 B - a +1 rapier of protection
 F - a +1 trident of venom
 I - the +11 trident "Kudwoabuklu" (weapon) {protect, rF+}
   (You found it on level 8 of the Dungeon)

   It protects the one who uses it against injury (+AC on strike).
   It protects you from fire.
 K - a cursed +0 scythe
 N - a +0 trident of venom
 U - a +2 hunting sling of flaming
 Z - a +3 war axe of electrocution
Missiles
 x - 6 tomahawks of dispersal
 O - 3 exploding tomahawks (quivered)
Armour
 b - a +0 animal skin
 e - a +0 shield
 f - a +0 plate armour (worn)
 r - a +2 chain mail of fire resistance
 t - a +0 chain mail of poison resistance
 D - the +2 robe of Elitism {*Contam rC- rN+ MR++}
   (You found it on level 6 of the Dungeon)

   It makes you vulnerable to cold.
   It protects you from negative energy.
   It affects your resistance to hostile enchantments.
   It causes magical contamination when unequipped.
Magical Staves
 G - an uncursed staff of conjuration {unknown}
Jewellery
 c - a +4 ring of protection (right hand)
 p - an uncursed ring of ice
 J - a ring of stealth (left hand)
Wands
 v - a wand of polymorph (15)
 z - a wand of iceblast (13)
 C - a wand of random effects (28)
 E - a wand of flame (29)
 T - a wand of clouds (7)
 V - a wand of disintegration (8)
Scrolls
 d - 6 scrolls of teleportation
 g - 8 scrolls of remove curse
 i - 2 scrolls of blinking
 j - 3 scrolls of enchant armour {unknown}
 l - a scroll of fog {unknown}
 o - 2 scrolls of magic mapping {unknown}
 s - a scroll of random uselessness {unknown}
 y - a scroll of vulnerability {unknown}
 M - a scroll of brand weapon {unknown}
 R - a scroll of enchant weapon {unknown}
 Y - a scroll of amnesia {unknown}
Potions
 h - a potion of brilliance {unknown}
 m - a potion of degeneration
 n - 2 potions of flight
 q - a potion of agility {unknown}
 u - a potion of might
 A - a potion of ambrosia {unknown}
 H - a potion of heal wounds {unknown}
 L - a potion of lignification {unknown}
 P - a potion of mutation
 S - a potion of berserk rage
 W - a potion of resistance
 X - a potion of cancellation {unknown}
Comestibles
 k - 5 rations


   Skills:
 + Level 11.5(10.1) Fighting
 + Level 7.0(10.9) Axes
 + Level 8.0(7.9) Maces & Flails
 + Level 13.7(12.8) Polearms
 + Level 1.7(0.7) Throwing
 + Level 12.1(10.7) Armour
 + Level 3.3(2.2) Dodging
 + Level 1.3(0.3) Stealth
 + Level 1.5(0.5) Unarmed Combat


You had 11 spell levels left.
You didn't know any spells.

Dungeon Overview and Level Annotations

Branches:
Dungeon (9/15)             Temple (0/1) D:5             Orc (2/2) D:9
    Elf (1/3) Orc:2
   Lair: D:8-11

Altars:
Gozag
Hepliaklqana
Okawaru
Qazlal
Uskayaw
Vehumet
Yredelemnul
The Shining One
Beogh

Shops:
D:7 }   Orc:2 [!


Innate Abilities, Weirdness & Mutations

You reflexively headbutt those who attack you in melee.
You have a pair of horns on your head.
Your body sometimes deteriorates upon taking damage.
Your spells are a little harder to cast, but a little more powerful.


Message History

The orc sorcerer casts a spell at you. The bolt of negative energy hits you!
You feel drained.
* * * LOW HITPOINT WARNING * * *
Your body deteriorates!
You feel weakened.
You feel sick.
The orange demon stings you but does no damage.
The orc sorcerer gestures at you while chanting.
You resist with some effort.
You can move again.
You feel sick.
The orange demon stings you but does no damage.
You feel a strong urge to attack something.
You feel sick.
The orange demon disappears in a puff of smoke!
The orc sorcerer gestures at you while chanting.
The bolt of negative energy misses you.
You feel sick. The orc sorcerer casts a spell at you.
The bolt of negative energy hits you!
You feel drained.
You die...

### ##...#
###...# #####
#4ยง.#
#...#####o###
#.<...@...#
#....######
#.......
#...#####
#####


You could see an orc sorcerer.

Vanquished Creatures
  An orc warlord (Orc:2)
  An ogre mage (Orc:1)
  5 two-headed ogres
  A dancing weapon (Elf:1)
  5 orc knights
  2 orc sorcerers (Orc:2)
  Joseph (D:9)
  A cyclops (Orc:2)
  3 trolls
  Grinder (D:4)
  2 hippogriffs (D:8)
  A wyvern (D:8)
  Grum (D:9)
  6 wargs
  Duvessa (D:5)
  An ice beast (D:8)
  25 orc warriors
  A black bear (D:9)
  2 sky beasts
  15 ogres
  An eye of draining (D:9)
  3 wolves (D:9)
  A centaur (D:8)
  3 big kobolds (D:9)
  6 bullfrogs
  3 gnoll sergeants (D:9)
  Dowan (D:5)
  2 scorpions
  3 killer bees (D:9)
  2 crimson imps
  A centaur skeleton (D:8)
  A gnoll shaman (Orc:2)
  10 orc priests
  6 hounds
  9 orc wizards
  A bullfrog skeleton (D:9)
  2 iguanas (D:5)
  Natasha (thrice) (D:2)
  5 worker ants
  2 killer bee zombies
  2 hound zombies (D:5)
  12 gnolls
  A worker ant zombie (D:5)
  11 adders
  3 shadow imps
  2 oozes
  2 adder zombies
  2 adder skeletons
  A worm (D:3)
  4 dart slugs
  5 leopard geckos
  72 orcs
  2 ball pythons
  8 bats
  8 giant cockroaches
  8 goblins
  9 hobgoblins
  16 jackals
  6 kobolds
  6 quokkas
  4 frilled lizards
  A jackal zombie (D:9)
  14 rats
340 creatures vanquished.

Notes
Turn   | Place    | Note
-------+----------+-------------------------------------------
     0 | D:1      | Asagix the Minotaur Berserker began the quest for the Orb.
     0 | D:1      | Reached XP level 1. HP: 19/19 MP: 0/0
   124 | D:1      | Reached XP level 2. HP: 22/27 MP: 1/1
   467 | D:1      | Reached XP level 3. HP: 33/33 MP: 2/2
   591 | D:1      | Reached ** piety under Trog
   751 | D:2      | Noticed Natasha
   758 | D:2      | Killed Natasha
   758 | D:2      | Reached XP level 4. HP: 38/41 MP: 3/3
   823 | D:2      | Reached skill level 5 in Axes
   956 | D:2      | Found a radiant altar of Vehumet.
   997 | D:2      | Noticed Natasha
  1008 | D:2      | Killed Natasha
  1008 | D:2      | Reached XP level 5. HP: 31/47 MP: 4/4
  1054 | D:2      | Reached skill level 5 in Fighting
  1205 | D:2      | Noticed Natasha
  1213 | D:2      | Killed Natasha
  1786 | D:3      | Reached *** piety under Trog
  2108 | D:3      | Found an iron altar of Okawaru.
  2224 | D:3      | Reached XP level 6. HP: 56/56 MP: 5/5
  2729 | D:4      | Found an opulent altar of Gozag.
  2930 | D:4      | Found an iron altar of Okawaru.
  3010 | D:4      | Noticed Grinder
  3012 | D:4      | Paralysed by Grinder for 4 turns
  3022 | D:4      | Killed Grinder
  3022 | D:4      | Reached skill level 1 in Polearms
  3022 | D:4      | Reached skill level 5 in Armour
  3022 | D:4      | Reached XP level 7. HP: 54/62 MP: 6/6
  3318 | D:4      | Reached skill level 2 in Polearms
  3440 | D:5      | Entered Level 5 of the Dungeon
  3522 | D:5      | Reached skill level 3 in Polearms
  3603 | D:5      | Reached **** piety under Trog
  3639 | D:5      | Found a staircase to the Ecumenical Temple.
  3714 | D:5      | Reached skill level 4 in Polearms
  3782 | D:5      | Found a hazy altar of Hepliaklqana.
  3796 | D:5      | Noticed Dowan
  3798 | D:5      | Noticed Duvessa
  3808 | D:5      | Killed Duvessa
  3808 | D:5      | Reached XP level 8. HP: 71/71 MP: 7/7
  3810 | D:5      | Killed Dowan
  3810 | D:5      | Reached skill level 5 in Polearms
  3850 | D:5      | Found a hide-covered altar of Uskayaw.
  4190 | D:6      | Reached skill level 1 in Unarmed Combat
  4228 | D:6      | Got an ancient robe
  4229 | D:6      | Identified the +2 robe of Elitism {*Contam rC- rN+ MR++} (You found it on level 6 of the Dungeon)
  4338 | D:6      | Reached skill level 1 in Maces & Flails
  4924 | D:6      | Found a stormy altar of Qazlal.
  5499 | D:7      | Found Largheif's Gadget Boutique.
  5560 | D:7      | Found a glowing golden altar of the Shining One.
  5562 | D:7      | Noticed an angel
  5578 | D:7      | Found a basalt altar of Yredelemnul.
  5964 | D:8      | Noticed a hippogriff
  5966 | D:8      | Noticed a two-headed ogre
  5973 | D:8      | Killed a hippogriff
  5978 | D:8      | Killed a two-headed ogre
  5978 | D:8      | Reached XP level 9. HP: 81/81 MP: 8/8
  6148 | D:8      | Got a shimmering trident
  6150 | D:8      | Identified the +11 trident "Kudwoabuklu" {protect, rF+} (You found it on level 8 of the Dungeon)
  6168 | D:8      | Reached ***** piety under Trog
  6168 | D:8      | Received a gift from Trog
  6246 | D:8      | Reached skill level 6 in Polearms
  6281 | D:8      | Noticed a two-headed ogre
  6305 | D:8      | Killed a two-headed ogre
  6305 | D:8      | Reached skill level 7 in Polearms
  6305 | D:8      | Reached XP level 10. HP: 17/90 MP: 9/9
  6872 | D:9      | Noticed Joseph
  6879 | D:9      | Killed Joseph
  6956 | D:9      | Reached skill level 8 in Polearms
  7290 | D:9      | Noticed a two-headed ogre
  7299 | D:9      | Killed a two-headed ogre
  7299 | D:9      | Reached skill level 9 in Polearms
  7438 | D:9      | Noticed Grum
  7454 | D:9      | Killed Grum
  7495 | D:9      | Found a staircase to the Orcish Mines.
  7523 | D:9      | Reached skill level 10 in Polearms
  7533 | D:9      | Reached skill level 10 in Armour
  7858 | Orc:1    | Entered Level 1 of the Orcish Mines
  7858 | Orc:1    | Noticed an orc knight
  7889 | D:9      | Killed an orc knight
  7889 | D:9      | Reached XP level 11. HP: 61/99 MP: 10/10
  8217 | Orc:1    | Noticed an orc knight
  8233 | D:9      | Killed an orc knight
  8233 | D:9      | Reached skill level 11 in Polearms
  8241 | D:9      | Reached skill level 10 in Fighting
  8268 | Orc:1    | Received a gift from Trog
  8355 | Orc:1    | Noticed an ogre mage
  8376 | Orc:1    | Killed an ogre mage
  8661 | Orc:2    | Entered Level 2 of the Orcish Mines
  8735 | Orc:2    | Reached skill level 1 in Throwing
  9259 | Orc:2    | Noticed an orc warlord
  9269 | Orc:2    | Killed an orc warlord
  9269 | Orc:2    | Reached skill level 12 in Polearms
  9601 | Orc:2    | Reached skill level 1 in Stealth
  9637 | Orc:2    | Noticed an orc sorcerer
  9646 | Orc:2    | Killed an orc sorcerer
  9691 | Orc:2    | Gained mutation: Your body sometimes deteriorates upon taking damage. [potion of mutation]
  9691 | Orc:2    | Gained mutation: Your spells are a little harder to cast, but a little more powerful. [potion of mutation]
  9792 | Orc:2    | Received a gift from Trog
 10147 | Orc:2    | Found a roughly hewn altar of Beogh.
 10187 | Orc:2    | Noticed an orc sorcerer
 10187 | Orc:2    | Noticed an orc knight
 10187 | Orc:2    | Paralysed by an orc sorcerer for 6 turns
 10204 | Orc:2    | Killed an orc knight
 10211 | Orc:2    | Killed an orc sorcerer
 10211 | Orc:2    | Reached skill level 13 in Polearms
 10216 | Orc:2    | Reached XP level 12. HP: 80/110 MP: 11/11
 10425 | Orc:2    | Found Gompyabe's Armour Emporium.
 10460 | Orc:2    | Found Kavaux's Distillery.
 10549 | Orc:2    | Noticed a two-headed ogre
 10560 | Orc:2    | Killed a two-headed ogre
 10671 | Orc:2    | Noticed a two-headed ogre
 10682 | Orc:2    | Killed a two-headed ogre
 10728 | Orc:2    | Found a staircase to the Elven Halls.
 10855 | Elf:1    | Entered Level 1 of the Elven Halls
 10885 | Elf:1    | Paralysed by an orc sorcerer for 5 turns
 10894 | Elf:1    | Paralysed by an orc sorcerer for 4 turns
 10901 | Elf:1    | Killed from afar by an orc sorcerer

Skill      XL: |  1  2  3  4  5  6  7  8  9 10 11 12 |
---------------+-------------------------------------+-----
Axes           | 4 5 6 7 |  7.0
Fighting       | 4 5 6 7 8 9 11 | 11.5
Armour         | 3 5 7 9 10 11 12 | 12.1
Polearms       | 1 4 5 7 10 13 | 13.7
Unarmed Combat | 1 |  1.5
Maces & Flails | 6 8 |  8.0
Dodging        | 3 |  3.3
Throwing       | 1 |  1.7
Stealth        | 1 |  1.3

Action                   |  1- 3 |  4- 6 |  7- 9 | 10-12 || total
-------------------------+-------+-------+-------+-------++-------
Melee: Hand axe          |    57 |   130 |       |       ||   187
       Headbutt          |    11 |    30 |    55 |   102 ||   198
       Halberd           |       |    31 |    59 |       ||    90
       Unarmed           |       |       |    18 |       ||    18
       Mace              |       |       |   125 |       ||   125
       Punch             |       |       |     3 |     3 ||     6
       Trident           |       |       |    65 |   486 ||   551
Throw: Tomahawk          |       |       |       |     2 ||     2
Invok: Berserk           |       |     2 |     5 |     8 ||    15
       Burn Spellbooks   |       |       |     1 |     1 ||     2
  Use: Scroll            |       |     4 |     6 |     4 ||    14
       Potion            |       |       |       |    12 ||    12
  Eat: Ration            |       |     3 |     4 |     6 ||    13
       Chunk             |       |       |       |     1 ||     1
Armor: Plate armour      |    44 |   103 |   235 |   327 ||   709
       Animal skin       |     2 |       |       |       ||     2
Dodge: Dodged            |    28 |    69 |   136 |   201 ||   434
